 Dungeon Crawl Stone Soup version 0.20.0-4-g10b340a (webtiles) character file.

12755 theodb the Cleaver (level 11, -6/162 HPs)
             Began as a Hill Orc Gladiator on May 27, 2017.
             Was a High Priest of Trog.
             Mangled by a profane servitor
             ... wielding a +2 whip
              (11 damage)
             ... on level 3 of the Abyss.
             The game lasted 00:27:59 (14041 turns).

theodb the Cleaver (Hill Orc Gladiator)            Turns: 14041, Time: 00:28:00

Health: -6/162     AC: 15    Str: 23      XL:     11   Next: 98%
Magic:  3/3        EV: 11    Int:  8      God:    Trog [*****.]
Gold:   718        SH:  4    Dex: 14 (15) Spells: 10/10 levels left

rFire    . . .     SeeInvis .   Q - +4 battleaxe (antimagic)
rCold    . . .     Gourm    .   (shield currently unavailable)
rNeg     + . .     Faith    .   D - +2 scale mail {rN+}
rPois    .         Spirit   .   G - +1 helmet
rElec    .         Reflect  +   (no cloak)
rCorr    .         Harm     .   O - +0 pair of gloves
MR       .....                  M - +0 pair of boots
Stlth    ..........             z - +4 amulet of reflection
Regen    0.4/turn               (no ring)
MPRegen  0.1/turn               (no ring)

@: berserking (expiring), wreathed by umbra, drained, very quick
A: no striking features
a: Berserk, Trog's Hand, Brothers in Arms, Burn Spellbooks, Renounce Religion


You were on level 3 of the Abyss.
You worshipped Trog.
Trog was extremely pleased with you.
You were hungry.

You visited 1 branch of the dungeon, and saw 11 of its levels.
You visited the Abyss 1 time.
You also visited: Ossuary and Bailey.

You collected 718 gold pieces.

Inventory:

Hand Weapons
 a - a +0 war axe
 x - a +1 hand axe of venom
 Q - a +4 antimagic battleaxe (weapon)
Missiles
 d - 3 throwing nets (quivered)
Armour
 k - a +0 scale mail of poison resistance
 D - a +2 scale mail of positive energy (worn)
 G - a +1 helmet (worn)
 M - a +0 pair of boots (worn)
 O - a +0 pair of gloves (worn)
Jewellery
 z - a +4 amulet of reflection (around neck)
 L - an uncursed ring of ice
Scrolls
 h - a scroll of magic mapping
 j - 2 scrolls of acquirement {unknown}
 l - 4 scrolls of identify
 p - 8 scrolls of remove curse
 q - 2 scrolls of random uselessness {unknown}
 r - a scroll of immolation
 s - 5 scrolls of amnesia {unknown}
 u - 5 scrolls of teleportation {unknown}
 v - 2 scrolls of noise {unknown}
 y - a scroll of enchant weapon {unknown}
 C - 2 scrolls of recharging {unknown}
 H - a scroll of summoning {unknown}
 J - a scroll of silence {unknown}
 K - a scroll of torment {unknown}
Potions
 b - 3 potions of agility
 e - 3 potions of degeneration
 g - a potion of resistance
 i - a potion of ambrosia
 m - 4 potions of mutation {unknown}
 n - 2 potions of flight
 o - 2 potions of lignification
 w - 6 potions of curing
 A - 4 potions of magic
 B - 8 potions of heal wounds
 E - a potion of berserk rage
Books
 F - a book of Geomancy

   Spells                             Type                      Level
   a - Sandblast                      Earth                        1
   b - Passwall                       Transmutation/Earth          2
   c - Stone Arrow                    Conjuration/Earth            3
   d - Petrify                        Transmutation/Earth          4
   e - Lee's Rapid Deconstruction     Earth                        5
   Trog disapproves of the use of such an item.
 I - a book of Enchantments

   Spells                             Type                      Level
   a - Cause Fear                     Hexes                        4
   b - Yara's Violent Unravelling     Hexes/Transmutation          5
   c - Silence                        Hexes/Air                    5
   d - Deflect Missiles               Charms/Air                   6
   e - Discord                        Hexes                        8
   Trog disapproves of the use of such an item.
 N - a book of Minor Magic

   Spells                             Type                      Level
   a - Magic Dart                     Conjuration                  1
   b - Blink                          Translocation                2
   c - Call Imp                       Summoning                    2
   d - Slow                           Hexes                        2
   e - Conjure Flame                  Conjuration/Fire             3
   f - Mephitic Cloud                 Conjuration/Poison/Air       3
   Trog disapproves of the use of such an item.
Comestibles
 c - 8 royal jellies
 f - 10 bread rations
 t - 11 fruits
 P - a chunk of flesh


   Skills:
 - Level 13.9(13.2) Fighting
 + Level 14.3(13.6) Axes
 - Level 1.7(1.2) Throwing
 - Level 10.3(9.6) Armour
 - Level 2.4(1.8) Dodging


You had 10 spell levels left.
You didn't know any spells.

Dungeon Overview and Level Annotations

Branches:
Dungeon (11/15)            Temple (0/1) D:5
   Lair: D:8-11         Orc: D:9-12

Altars:
Ashenzari
Gozag
Kikubaaqudgha
Makhleb
Nemelex Xobeh
Okawaru
Ru
Sif Muna
Trog
Vehumet
Yredelemnul

Annotations:
D:11 Sonja


Message History

You block the ufetubus's attack.
The ufetubus hits you but does no damage.
The profane servitor hits you with an enchanted whip.
* * * LOW HITPOINT WARNING * * *
The profane servitor draws strength from your injuries!
The profane servitor hits you but does no damage.
You are too berserk!
You are too berserk!
Unknown command.
You slice the profane servitor!!
The profane servitor is moderately damaged.
You barely miss the ufetubus. The ufetubus barely misses you. x2
The profane servitor hits you but does no damage. x2
Unknown command.
You miss the profane servitor.
The profane servitor is moderately damaged.
You closely miss the ufetubus.
The ufetubus hits you but does no damage. x2
The profane servitor hits you with an enchanted whip!
You die...

.# .
..# ..x
..# #
.# #..
. #.#
#A.
#.#.#
#.A##
##5@#.
#
##.รท##
##..#
### . #
# .


You could see a profane servitor and an ufetubus.

Vanquished Creatures
  4 two-headed ogres
  Nergalle (D:11)
  An unseen horror (D:10)
  2 starcursed masses (Abyss:3)
  An orc knight (Bailey)
  An ugly thing (D:11)
  3 raiju (Abyss:3)
  A hippogriff (D:9)
  A wyvern (D:10)
  A human (D:7)
  4 hogs (D:7)
  Eustachio (D:4)
  A hungry ghost (D:10)
  A large abomination (Abyss:3)
  Duvessa (D:7)
  A water moccasin (D:10)
  2 ice beasts
  2 black bears
  3 sky beasts
  2 orc warriors
  2 eyes of draining (D:9)
  An ogre (D:11)
  5 centaurs
  2 big kobolds
  5 bullfrogs
  A small abomination (Abyss:3)
  2 elf zombies (Ossuary)
  A wyvern zombie (D:11)
  Dowan (D:7)
  3 scorpions
  10 killer bees (D:7)
  2 spriggan skeletons (D:10)
  A howler monkey (D:6)
  5 crimson imps
  A bullfrog zombie (D:6)
  3 centaur zombies
  2 quasits
  2 hounds (D:7)
  A human zombie (Ossuary)
  2 jellies
  6 orc priests
  5 centaur skeletons
  2 iguanas
  An iron imp (Abyss:3)
  Jessica (D:2)
  11 orc wizards
  7 worker ants
  A big kobold zombie (Ossuary)
  A hound skeleton (D:9)
  2 mummies (Ossuary)
  2 worker ant zombies
  20 gnolls
  13 adders
  3 shadow imps
  An ufetubus (Abyss:3)
  An ooze (D:7)
  4 adder zombies
  3 worms (D:2)
  4 leopard geckos
  26 orcs
  9 bats
  2 giant cockroaches
  14 goblins
  22 hobgoblins
  6 jackals
  23 kobolds
  5 quokkas
  A ball python (D:1)
  9 frilled lizards
  4 gnoll zombies (Ossuary)
  5 goblin zombies (Ossuary)
  3 hobgoblin zombies (Ossuary)
  2 jackal skeletons
  8 jackal zombies (Ossuary)
  5 kobold zombies (Ossuary)
  A leopard gecko skeleton (D:6)
  3 orc zombies (Ossuary)
  5 quokka skeletons
  A quokka zombie (Ossuary)
  7 rats
335 creatures vanquished.

Notes
Turn   | Place    | Note
-------+----------+-------------------------------------------
     0 | D:1      | theodb the Hill Orc Gladiator began the quest for the Orb.
     0 | D:1      | Reached XP level 1. HP: 18/18 MP: 1/1
    63 | D:1      | Reached XP level 2. HP: 25/25 MP: 2/2
   134 | D:1      | Reached skill level 5 in Axes
   316 | D:1      | Reached XP level 3. HP: 30/30 MP: 3/3
   706 | D:2      | Noticed Jessica
   710 | D:2      | Killed Jessica
   710 | D:2      | Reached skill level 6 in Axes
   710 | D:2      | Reached XP level 4. HP: 37/37 MP: 4/4
  1568 | D:2      | Reached skill level 7 in Axes
  1686 | D:2      | Found a bloodstained altar of Trog.
  1691 | D:2      | Became a worshipper of Trog the Wrathful
  1764 | D:3      | Reached XP level 5. HP: 39/42 MP: 5/5
  2258 | D:3      | Reached skill level 8 in Axes
  2807 | D:4      | Found a sand-covered staircase.
  2812 | Ossuary  | Entered an ossuary
  2839 | Ossuary  | Reached * piety under Trog
  2839 | Ossuary  | Reached XP level 6. HP: 45/50 MP: 6/6
  2929 | Ossuary  | Reached skill level 9 in Axes
  3296 | Ossuary  | Reached skill level 10 in Axes
  3296 | Ossuary  | Reached XP level 7. HP: 37/56 MP: 7/7
  3932 | D:4      | Noticed Eustachio
  3946 | D:4      | Killed Eustachio
  3946 | D:4      | Reached skill level 11 in Axes
  3965 | D:4      | Reached ** piety under Trog
  4327 | D:4      | Found an iron altar of Okawaru.
  4741 | D:5      | Entered Level 5 of the Dungeon
  4885 | D:5      | Reached XP level 8. HP: 52/62 MP: 8/8
  4896 | D:5      | Reached skill level 12 in Axes
  5446 | D:5      | Reached skill level 13 in Axes
  5700 | D:5      | Found a burning altar of Makhleb.
  5829 | D:5      | Found a staircase to the Ecumenical Temple.
  5941 | D:6      | Reached skill level 14 in Axes
  5979 | D:6      | Reached *** piety under Trog
  5991 | D:6      | Found an ancient bone altar of Kikubaaqudgha.
  6149 | D:6      | Reached XP level 9. HP: 68/68 MP: 9/9
  6199 | D:6      | Found a sacrificial altar of Ru.
  6329 | D:6      | Found a shattered altar of Ashenzari.
  6407 | D:6      | Reached skill level 5 in Fighting
  6416 | D:6      | Found an opulent altar of Gozag.
  7128 | D:7      | Reached **** piety under Trog
  7148 | D:7      | Found a flagged portal.
  7165 | Bailey   | Entered a bailey
  7656 | Bailey   | Noticed an orc knight
  7675 | Bailey   | Killed an orc knight
  7675 | Bailey   | Reached skill level 10 in Fighting
  7675 | Bailey   | Reached XP level 10. HP: 42/94 MP: 10/10
  8500 | D:7      | Noticed Dowan
  8503 | D:7      | Noticed Duvessa
  8507 | D:7      | Killed Dowan
  8519 | D:7      | Killed Duvessa
  9029 | D:7      | Reached skill level 1 in Armour
  9216 | D:8      | Found a basalt altar of Yredelemnul.
  9220 | D:8      | Found a radiant altar of Vehumet.
  9887 | D:9      | Found a deep blue altar of Sif Muna.
  9941 | D:9      | Reached skill level 5 in Armour
  9947 | D:9      | Reached ***** piety under Trog
 10493 | D:9      | Found a sparkling altar of Nemelex Xobeh.
 10616 | D:9      | Noticed a two-headed ogre
 10641 | D:9      | Killed a two-headed ogre
 10888 | D:9      | Found a bloodstained altar of Trog.
 10922 | D:10     | Entered Level 10 of the Dungeon
 11068 | D:10     | Noticed a two-headed ogre
 11100 | D:10     | Killed a two-headed ogre
 11100 | D:10     | Reached XP level 11. HP: 63/102 MP: 11/11
 11264 | D:10     | Noticed a two-headed ogre
 11300 | D:10     | Killed a two-headed ogre
 11598 | D:10     | Reached skill level 10 in Armour
 11896 | D:10     | Killed an unseen horror
 12759 | D:11     | Noticed a green ugly thing
 12772 | D:11     | Killed a green ugly thing
 12848 | D:11     | Noticed Nergalle
 12851 | D:11     | Noticed a two-headed ogre
 12859 | D:11     | Noticed a spectral orc warlord
 12866 | D:11     | Killed Nergalle
 12903 | D:11     | Killed a two-headed ogre
 13273 | D:11     | Noticed Sonja
 13577 | D:11     | Cast into level 2 of the Abyss (Sonja)
 13600 | Abyss:2  | Noticed a rakshasa
 13688 | Abyss:3  | Noticed a starcursed mass
 13729 | Abyss:3  | Killed a starcursed mass
 13731 | Abyss:3  | Killed a starcursed mass
 13845 | Abyss:3  | Received a gift from Trog
 14020 | Abyss:3  | Noticed a profane servitor
 14039 | Abyss:3  | HP: 5/162 [profane servitor/enchanted whip (6)]
 14041 | Abyss:3  | Mangled by a profane servitor

Skill      XL: |  1  2  3  4  5  6  7  8  9 10 11 |
---------------+----------------------------------+-----
Axes           | 5 6 7 8 10 11 14 | 14.3
Fighting       | 10 11 13 | 13.9
Armour         | 9 10 | 10.3
Throwing       | |  1.7
Dodging        | |  2.4

Action                   |  1- 3 |  4- 6 |  7- 9 | 10-12 || total
-------------------------+-------+-------+-------+-------++-------
Melee: War axe           |    78 |   109 |       |   120 ||   307
       Hand axe          |       |   219 |   453 |   425 ||  1097
       Battleaxe         |       |       |       |    19 ||    19
Invok: Berserk           |       |       |     1 |     2 ||     3
       Trog's Hand       |       |       |       |     2 ||     2
  Use: Scroll            |       |       |    11 |     1 ||    12
       Potion            |       |       |     6 |     4 ||    10
 Stab: Sleeping          |     1 |       |       |       ||     1
       Paralysed         |       |       |     1 |       ||     1
  Eat: Chunk             |       |     6 |     8 |    17 ||    31
       Fruit             |       |     1 |       |       ||     1
       Royal jelly       |       |       |     1 |     1 ||     2
       Meat ration       |       |       |     1 |     1 ||     2
Armor: Leather armour    |    12 |       |       |       ||    12
       Scale mail        |    30 |   141 |   118 |   181 ||   470
       Skin              |       |       |    28 |    11 ||    39
Dodge: Dodged            |    73 |   138 |   148 |   180 ||   539
Block: Other             |       |       |    27 |    58 ||    85
       Reflection        |       |       |     1 |     2 ||     3
